 Dungeon Crawl Stone Soup version 0.19-a0-1019-g9c6a58d (webtiles) character file.

2729 aTarkinC the Zephyrmancer (level 9, -12/45 HPs)
             Began as a Tengu Air Elementalist on July 26, 2016.
             Was a Priest of Sif Muna.
             Mangled by an ogre
             ... wielding a cursed -2 giant club
              (15 damage)
             ... on level 8 of the Dungeon.
             The game lasted 00:42:37 (11375 turns).

aTarkinC the Zephyrmancer (Tengu Air Elementalist) Turns: 11375, Time: 00:42:38

Health: -12/45     AC:  8    Str:  5    XL:     9   Next: 67%
Magic:  15/18      EV: 14    Int: 19    God:    Sif Muna [***...]
Gold:   316        SH:  0    Dex: 15    Spells: 4 memorised, 9 levels left

rFire  . . .     SeeInvis .     a - +3 flail (protect)
rCold  + . .     Gourm    .     D - +1 robe "Ker Cegh" {rC+ rCorr}
rNeg   . . .     Faith    .     (no shield)
rPois  .         Spirit   .     (helmet restricted)
rElec  .         Dismiss  .     (no cloak)
rCorr  +         Reflect  .     (no gloves)
SustAt .         Harm     .     (boots unavailable)
MR     .....                    (no amulet)
Stlth  ++........               s - -3 ring of strength (curse)
                                I - ring of loudness (curse)

@: repel missiles, drained, not resistant to hostile enchantments, unstealthy
A: beak, talons 3, able to fly 1
a: Fly, Divine Energy, Channel Magic, Renounce Religion


You were on level 8 of the Dungeon.
You worshipped Sif Muna.
Sif Muna was most pleased with you.
You were not hungry.

You visited 2 branches of the dungeon, and saw 9 of its levels.

You collected 316 gold pieces.

Inventory:

Hand Weapons
 a - a +3 flail of protection (weapon)
Missiles
 o - 5 javelins (quivered)
Armour
 D - the +1 robe "Ker Cegh" (worn) {rC+ rCorr}
   (You found it on level 5 of the Dungeon)

   It protects you from cold.
   It protects you from acid and corrosion.
Jewellery
 s - a cursed -3 ring of strength (right hand)
 I - a cursed ring of loudness (left hand)
 J - an uncursed ring of magical power {unknown}
 M - a +2 ring of protection {unknown}
 P - an uncursed ring of ice {unknown}
Wands
 F - a wand of flame (15/48)
 G - a wand of lightning (7/15)
Scrolls
 d - a scroll of remove curse {unknown}
 e - 2 scrolls of enchant armour
 f - 4 scrolls of recharging
 i - a scroll of fog
Potions
 g - a potion of mutation {unknown}
 h - a potion of heal wounds
 k - a potion of lignification {unknown}
 n - 2 potions of berserk rage {unknown}
 p - 2 potions of cancellation {unknown}
 q - 4 potions of curing {unknown}
 x - a potion of flight {unknown}
 A - a potion of might {unknown}
 C - a potion of brilliance {unknown}
 O - a potion of ambrosia {unknown}
Books
 b - a book of Air

   Spells                             Type                      Level
   a - Shock                          Conjuration/Air              1
   b - Swiftness                      Charms/Air                   2
   c - Repel Missiles                 Charms/Air                   2
   d - Static Discharge               Conjuration/Air              3
   e - Lightning Bolt                 Conjuration/Air              5
Comestibles
 c - 4 bread rations
 z - 5 fruits


   Skills:
 + Level 5.2(4.5) Dodging
 - Level 4.7(4.0) Stealth
   Level 1.5(0.8) Shields
 * Level 5.6(4.9) Spellcasting
 * Level 8.0(7.2) Conjurations
 + Level 1.9(1.2) Charms
 * Level 8.7(7.9) Air Magic
 * Level 3.3(2.7) Invocations


You had 9 spell levels left.
You knew the following spells:

 Your Spells              Type           Power        Failure   Level  Hunger
a - Shock                 Conj/Air       ####         1%          1    None
l - Lightning Bolt        Conj/Air       ####......   17%         5    ######.
r - Repel Missiles        Chrm/Air       ###...       3%          2    #......
s - Swiftness             Chrm/Air       ###.....     3%          2    #......


Dungeon Overview and Level Annotations

Branches:
Dungeon (8/15)             Temple (1/1) D:7
   Lair: D:8-11

Altars:
Ashenzari
Cheibriados
Dithmenos
Elyvilon
Gozag
Hepliaklqana
Kikubaaqudgha
Makhleb
Nemelex Xobeh
Pakellas
Qazlal
Ru
Sif Muna
Trog
Uskayaw
Vehumet
Xom
Yredelemnul
Zin
The Shining One

Annotations:
D:2 Sigmund


Innate Abilities, Weirdness & Mutations

You have a beak for a mouth.
You have claws for feet.
You can fly.


Message History

The zap hits the hound.
The hound is moderately wounded.
The zap misses the hound.
The hound closely misses you. The ogre hits you with a giant club!!
* * * LOW HITPOINT WARNING * * *
The hound closely misses you.
Unknown command.
Unknown command.
Casting: Shock
Confirm with . or Enter, or press ? or * to list all spells.
Aiming: Shock
Press: ? - help, Shift-Dir - straight line The zap hits the hound.
The hound is severely wounded.
The zap hits the hound.
You kill the hound!
Sif Muna accepts your kill.
Your base Conjurations skill increases to level 8!
The ogre hits you with a giant club!
You die...

# #.#####
#.....####
##.....#####
#<......O@.#
#......###†#
#.#.##.# !#
#....#.# .#
###..#.. .#
...###. .#
##.. .#.# ##
#.#


You could see an ogre.

Vanquished Creatures
  Eustachio (D:5)
  3 orc warriors
  A black bear (D:6)
  A phantom (D:4)
  3 ogres
  3 centaurs
  A gnoll sergeant (D:5)
  A water moccasin skeleton (D:4)
  A scorpion (D:6)
  4 killer bees (D:7)
  5 wights
  5 crimson imps
  5 orc priests
  A hound (D:8)
  A jelly (D:6)
  A centaur skeleton (D:7)
  3 iguanas
  3 orc wizards
  5 worker ants
  3 hound skeletons
  A worker ant zombie (D:5)
  15 gnolls
  6 adders
  2 shadow imps
  An ooze (D:2)
  3 worms
  3 dart slugs (D:1)
  5 giant geckos
  23 orcs
  7 giant cockroaches
  7 goblins
  8 hobgoblins
  13 jackals
  10 kobolds
  7 quokkas
  4 ball pythons
  12 bats
  9 giant newts
  A jackal skeleton (D:6)
  A jackal zombie (D:4)
  6 rats
195 creatures vanquished.

Notes
Turn   | Place    | Note
-------+----------+-------------------------------------------
     0 | D:1      | aTarkinC the Tengu Air Elementalist began the quest for the Orb.
     0 | D:1      | Reached XP level 1. HP: 10/10 MP: 4/4
   106 | D:1      | Reached XP level 2. HP: 15/15 MP: 0/6
   524 | D:2      | Found a basalt altar of Yredelemnul.
   719 | D:1      | Learned a level 2 spell: Repel Missiles
   722 | D:1      | Learned a level 2 spell: Swiftness
  1082 | D:1      | Reached XP level 3. HP: 16/19 MP: 5/7
  1243 | D:1      | Found a snail-covered altar of Cheibriados.
  1935 | D:2      | Reached XP level 4. HP: 24/24 MP: 4/8
  2248 | D:2      | Found a glowing silver altar of Zin.
  2284 | D:2      | Found a hide-covered altar of Uskayaw.
  2285 | D:2      | Noticed a dagger
  2285 | D:2      | Noticed a dagger
  2302 | D:2      | Reached skill level 5 in Air Magic
  3062 | D:2      | Gained mutation: You can fly. [Tengu growth]
  3062 | D:2      | Reached XP level 5. HP: 26/28 MP: 3/10
  3071 | D:2      | Noticed Sigmund
  4438 | D:3      | Found a deep blue altar of Sif Muna.
  4460 | D:3      | Became a worshipper of Sif Muna the Loreminder
  4884 | D:4      | Found a shadowy altar of Dithmenos.
  4885 | D:4      | Found a white marble altar of Elyvilon.
  5046 | D:4      | Learned a level 5 spell: Lightning Bolt
  5105 | D:4      | Noticed a phantom
  5125 | D:4      | Killed a phantom
  5125 | D:4      | Reached XP level 6. HP: 26/32 MP: 0/11
  5284 | D:4      | Found a sacrificial altar of Ru.
  5398 | D:4      | Found an ancient bone altar of Kikubaaqudgha.
  5518 | D:4      | Reached XP level 7. HP: 19/36 MP: 5/13
  5766 | D:4      | Found a bloodstained altar of Trog.
  6268 | D:4      | Reached skill level 5 in Conjurations
  6307 | D:5      | Entered Level 5 of the Dungeon
  6534 | D:5      | Got a silken robe
  6580 | D:4      | Identified the +1 robe "Ker Cegh" {rC+ rCorr} (You found it on level 5 of the Dungeon)
  6738 | D:5      | Reached * piety under Sif Muna
  6970 | D:5      | Found a glowing golden altar of the Shining One.
  7074 | D:5      | Reached XP level 8. HP: 37/41 MP: 12/15
  7294 | D:5      | Reached skill level 1 in Invocations
  7680 | D:5      | Noticed Eustachio
  7694 | D:5      | Killed Eustachio
  7694 | D:5      | Reached ** piety under Sif Muna
  7694 | D:5      | Reached skill level 1 in Charms
  8706 | D:6      | Reached skill level 5 in Spellcasting
  8706 | D:6      | Reached XP level 9. HP: 45/45 MP: 10/17
  8804 | D:6      | Reached skill level 1 in Shields
  9212 | D:6      | Found a hazy altar of Hepliaklqana.
 10231 | D:7      | Found a stormy altar of Qazlal.
 10642 | D:7      | Reached skill level 5 in Dodging
 10775 | D:7      | Found a staircase to the Ecumenical Temple.
 10801 | Temple   | Entered the Ecumenical Temple
 11105 | D:7      | Reached *** piety under Sif Muna
 11375 | D:8      | Mangled by an ogre

Vault maps used:
D:1:      tarquinn_simple_flora_water_d, cheibriados_altar_1
D:2:      old_standard_altar, yredelemnul_altar_generic,
          dancing_weapons_uskayaw, first_bread, uniq_sigmund
D:3:      lemuel_doored_altar, serial_forest, infiniplex_forest_zigzag_2,
          infiniplex_forest_side_room, infiniplex_forest_end_double,
          infiniplex_forest_diagonal, infiniplex_forest_clump_large,
          infiniplex_forest_clump_small, infiniplex_forest_clump_double,
          infiniplex_forest_clump_C, infiniplex_forest_clump_large
D:4:      nicolae_overflow_hidden_temple, nicolae_ru_awakened_eye,
          grunt_temple_overflow_open
D:5:      nicolae_tso_swordbearing_angel, sword_in_stone
D:6:      basic_altar
D:7:      kennysheep_six_static_rooms, kennysheep_mini_moat
D:8:      overflow_temple_1_default, kennysheep_mini, uniq_psyche
Temple:   jpeg_temple_island

Skill      XL: |  1  2  3  4  5  6  7  8  9 |
---------------+----------------------------+-----
Conjurations   | 2 3 4 5 6 8 |  8.0
Dodging        | 3 4 5 |  5.2
Air Magic      | 5 6 7 8 |  8.7
Stealth        | 3 4 |  4.7
Spellcasting   | 3 4 5 |  5.6
Invocations    | 2 3 |  3.3
Charms         | 1 |  1.9
Shields        | 1 |  1.5

Action                   |  1- 3 |  4- 6 |  7- 9 || total
-------------------------+-------+-------+-------++-------
Melee: Unarmed           |     9 |       |       ||     9
       Kick              |     1 |     2 |     5 ||     8
       Dagger            |       |     9 |       ||     9
       Flail             |       |       |    14 ||    14
       Peck              |       |       |     4 ||     4
 Cast: Shock             |    61 |   126 |   224 ||   411
       Repel Missiles    |       |     1 |     2 ||     3
  Use: Scroll            |       |       |     9 ||     9
 Stab: Sleeping          |       |     1 |       ||     1
  Eat: Chunk             |     4 |    11 |    18 ||    33
Armor: Robe              |     3 |    15 |    25 ||    43
Dodge: Dodged            |    33 |    45 |    65 ||   143
       Deflected         |       |     2 |     1 ||     3
